 Dungeon Sprint DCSS version 0.23-a0-315-ga85b81c (webtiles) character file.

300827 Flooderbenga the Slayer (level 14, 149/149 (155) HPs)
             Began as a Minotaur Berserker on Oct 10, 2018.
             Was an Elder of Trog.
             Escaped with the Orb!
             The game lasted 03:13:48 (6209 turns).

Flooderbenga the Slayer (Minotaur Berserker)        Turns: 6209, Time: 03:13:49

HP:   149/149 (155) AC: 47    Str: 33    XL:     14   Next: 6%
MP:   18/18         EV: 17    Int: 11    God:    Trog [****..]
Gold: 261           SH:  0    Dex: 14    Spells: 13/13 levels left

rFire    + . .     SeeInvis +   t - +11 glaive of the Extremes {drain, rN+ SInv}
rCold    + . .     Gourm    .   (shield currently unavailable)
rNeg     + + +     Faith    .   w - +4 crystal plate armour "Duteceem" {rElec Int+5}
rPois    +         Spirit   .   S - +3 crown of Dyrovepreva {rElec Int+2 SInv}
rElec    +         Reflect  .   p - +4 dragonskin cloak
rCorr    .         Harm     .   s - +1 pair of gloves "Dohe" {Str+5}
MR       +....     NoTele   +   A - +2 pair of boots {run}
Stlth    ..........             N - amulet "Niponyh" {-Tele rN+ Regen+ Dex+3 Slay+5}
HPRegen  0.74/turn              c - ring "Pilewk" {rF+ rN+++ Str-3 Slay+3 Stlth-}
MPRegen  0.16/turn              T - ring of poison resistance

@: mighty, quick
A: retaliatory headbutt, horns 2
0: Orb of Zot
a: Berserk, Trog's Hand, Brothers in Arms, Renounce Religion


You escaped.
You worshipped Trog.
Trog was greatly pleased with you.
You were full.

You visited 1 branch You collected 6156 gold pieces.
You spent 5895 gold pieces at shops.

Inventory:

Hand Weapons
 d - a +0 blowgun
 l - a +2 vampiric scythe
 o - a +2 glaive of chopping
 t - the +11 glaive of the Extremes (weapon) {drain, rN+ SInv}
   (Trog gifted it to you in the Dungeon)

   A truly terrible weapon, it drains the life of those it strikes.
   It protects you from negative energy.
   It lets you see invisible.
 u - a +1 antimagic bardiche
 D - a +3 hunting sling of flaming
 H - a +4 antimagic great sword
 L - a +2 antimagic spear
 P - a +1 glaive of freezing
 W - a +2 demon trident of electrocution
Missiles
 b - 6 curare-tipped needles
 m - 15 stones (quivered)
 x - 18 sling bullets
 I - 3 javelins of returning
 O - 12 poisoned needles
Armour
 a - a scarf of repulsion
 f - the +1 plate armour "Zooquol" {Str+4}
   (You found it in the Dungeon)

   It affects your strength (+4).
 p - the +4 dragonskin cloak (worn)
   (You took it off Tiamat in the Dungeon)
 s - the +1 pair of gloves "Dohe" (worn) {Str+5}
   (You bought it in a shop in the Dungeon)

   It affects your strength (+5).
 w - the +4 crystal plate armour "Duteceem" (worn) {rElec Int+5}
   (You found it in the Dungeon)

   It affects your intelligence (+5).
   It insulates you from electricity.
 z - a +2 cloak
 A - a +2 pair of boots of running (worn)
 S - the +3 crown of Dyrovepreva (worn) {rElec Int+2 SInv}
   (You found it in the Dungeon)

   It affects your intelligence (+2).
   It insulates you from electricity.
   It lets you see invisible.
Jewellery
 c - the ring "Pilewk" (left hand) {rF+ rN+++ Str-3 Slay+3 Stlth-}
   (You bought it in a shop in the Dungeon)

   [ring of attention]

   It affects your strength (-3).
   It affects your accuracy and damage with ranged weapons and melee attacks
   (+3).
   It protects you from fire.
   It renders you almost immune to negative energy.
   It makes you less stealthy.
 n - an uncursed ring of protection from cold
 F - a +2 ring of dexterity
 J - an uncursed ring of positive energy
 N - the amulet "Niponyh" (around neck) {-Tele rN+ Regen+ Dex+3 Slay+5}
   (You acquired it in the Dungeon)

   [amulet of regeneration]

   It affects your dexterity (+3).
   It affects your accuracy and damage with ranged weapons and melee attacks
   (+5).
   It protects you from negative energy.
   It prevents most forms of teleportation.
   It increases your rate of regeneration.
 R - the amulet "Risecom" {rN+ Regen+ Str+3}
   (You found it in the Dungeon)

   [amulet of regeneration]

   It affects your strength (+3).
   It protects you from negative energy.
   It increases your rate of regeneration.
 T - a ring of poison resistance (right hand)
 U - the amulet "Turron" {Inacc *Contam +Blink rPois Int+5}
   (You bought it in a shop in the Dungeon)

   [amulet of inaccuracy]

   It reduces the accuracy of all your attacks.
   It affects your intelligence (+5).
   It protects you from poison.
   It lets you blink.
   It causes magical contamination when unequipped.
 V - the ring "Bomovu Fepno" {rC+ AC+6}
   (You found it in the Dungeon)

   [ring of protection]

   It affects your AC (+6).
   It protects you from cold.
Wands
 i - a wand of iceblast (6)
 k - a wand of random effects (18)
Scrolls
 j - 2 scrolls of remove curse {@r2}
 r - a scroll of identify {@r1}
 v - a scroll of magic mapping
 y - 2 scrolls of enchant armour
 Q - a scroll of immolation
Potions
 e - 3 potions of heal wounds {@q2}
 g - 2 potions of magic
 h - a potion of berserk rage
 q - a potion of curing {@q1}
 B - a potion of invisibility
 C - a potion of flight
Comestibles
 G - 6 rations


   Skills:
 + Level 22.5 Fighting
 - Level 22.0 Polearms
 + Level 21.6 Armour
 + Level 17.9 Dodging
 - Level 7.2 Evocations


You had 13 spell levels left.
You didn't know any spells.
Your spell library was empty.

Dungeon Overview and Level Annotations

Branches:
Dungeon (1/1)

Altars:
Cheibriados
Dithmenos
Elyvilon
Fedhas
Gozag
Hepliaklqana
Kikubaaqudgha
Makhleb
Nemelex Xobeh
Okawaru
Qazlal
Ru
Sif Muna
Trog
Uskayaw
Vehumet
Wu Jian
Xom
Yredelemnul
Zin
The Shining One
Jiyva
Lugonu

Shops:
D *=!}%%?(!:(![([}([[%!


Innate Abilities, Weirdness & Mutations

You reflexively headbutt those who attack you in melee.
You have a pair of horns on your head.


Message History

You kill the Orb Guardian!
Trog accepts your kill.
You have reached level 14!
You regained 10 hp, and now have 147/149 hp.
MP restored: 18
There is an open door here.
Health restored: 149
There is an open door here.
There is an open door here.
Things that are here:
a robe; a +0 animal skin
There is an open door here.
You float gracefully downwards.
You see here a giant club.
There is an open door here.
There is an open door, spattered with blood here.
There is a staircase leading out of the dungeon here.
You can't go down here!
Unknown command.
You have escaped!

##################
#@.#..').#..'..#__
#..'..#..'[.#..'..
#..#####'#####'#__
#..####..#...#§###
#..#__####..##§#≈≈
#..#_____##'#_)§§§
#⌠⌠#_.∩...'..._#§≈
####_..__##_.#§##§
*,,#_____###'#.#[§


There were no monsters in sight!

Vanquished Creatures
  Lom Lobon (D)
  Tiamat (D)
  the Lernaean hydra (D)
  A golden dragon (D)
  An Orb Guardian (D)
  A shadow dragon (D)
  A daeva (D)
  A deep elf annihilator (D)
  A mummy priest (D)
  A hydra (D)
  2 centaur warriors (D)
  6 unseen horrors (D)
  A deep troll (D)
  A lindwurm (D)
  2 oklob plants (D)
  2 merfolk sirens (D)
  A gargoyle (D)
  2 kobold demonologists (D)
  4 demonic crawlers (D)
  A hellwing (D)
  A meliai (D)
  4 hornets (D)
  A slime creature (D)
  Sigmund (D)
  A yak (D)
  2 redbacks (D)
  13 hogs (D)
  5 floating eyes (D)
  7 necrophages (D)
  An ogre (D)
  8 jellies (D)
  Ijyb (D)
  An ufetubus (D)
  A ballistomycete (D)
79 creatures vanquished.

Vanquished Creatures (collateral kills)
  4 fire giants (D)
  A lorocyproca (D)
  Sonja (D)
  An unseen horror (D)
  8 shining eyes (D)
  A gargoyle (D)
  2 floating eyes (D)
18 creatures vanquished.

Vanquished Creatures (others)
  A deep elf master archer (D)
  A hornet (D)
  12 ball lightnings (D)
  2 ballistomycete spores (D)
  A block of ice (D)
17 creatures vanquished.

Grand Total: 114 creatures vanquished

Notes
Turn   | Place    | Note
-------+----------+-------------------------------------------
     0 | D        | Flooderbenga the Minotaur Berserker began the quest for the
                  | Orb.
     0 | D        | Reached XP level 1. HP: 19/19 MP: 0/0
     1 | D        | Noticed Ijyb
     9 | D        | Killed Ijyb
     9 | D        | Reached skill level 5 in Fighting
     9 | D        | Reached skill level 5 in Polearms
     9 | D        | Reached XP level 2. HP: 29/29 MP: 1/1
    54 | D        | Noticed an ogre
    57 | D        | Killed an ogre
    57 | D        | Reached skill level 5 in Armour
    57 | D        | Reached skill level 5 in Dodging
    57 | D        | Reached XP level 3. HP: 37/37 MP: 2/2
    57 | D        | Reached XP level 4. HP: 44/44 MP: 3/3
   106 | D        | Noticed Sigmund
   111 | D        | Killed Sigmund
   111 | D        | Reached ** piety under Trog
   111 | D        | Reached skill level 10 in Polearms
   111 | D        | Reached XP level 5. HP: 53/53 MP: 4/4
   133 | D        | Found an ornate altar of the Wu Jian Council.
   133 | D        | Found a deep blue altar of Sif Muna.
   135 | D        | Found a radiant altar of Vehumet.
   140 | D        | Reached XP level 6. HP: 60/61 MP: 5/5
   151 | D        | Found Pehat's Gadget Emporium.
   151 | D        | Found an ancient bone altar of Kikubaaqudgha.
   151 | D        | Found a hazy altar of Hepliaklqana.
   151 | D        | Found a hide-covered altar of Uskayaw.
   151 | D        | Found a basalt altar of Yredelemnul.
   151 | D        | Found an opulent altar of Gozag.
   151 | D        | Found a snail-covered altar of Cheibriados.
   151 | D        | Found a sacrificial altar of Ru.
   151 | D        | Found a shadowy altar of Dithmenos.
   151 | D        | Noticed a yak
   156 | D        | Killed a yak
   168 | D        | Found a stormy altar of Qazlal.
   168 | D        | Found a blossoming altar of Fedhas.
   168 | D        | Found a bloodstained altar of Trog.
   168 | D        | Found an iron altar of Okawaru.
   168 | D        | Found a glowing golden altar of the Shining One.
   168 | D        | Found a glowing silver altar of Zin.
   168 | D        | Found a white marble altar of Elyvilon.
   171 | D        | Found a sparkling altar of Nemelex Xobeh.
   207 | D        | Noticed a centaur warrior
   207 | D        | Noticed a centaur warrior
   235 | D        | Found a burning altar of Makhleb.
   235 | D        | Found a viscous altar of Jiyva.
   235 | D        | Found a shimmering altar of Xom.
   235 | D        | Found a corrupted altar of Lugonu.
   235 | D        | Noticed a slime creature
   240 | D        | Killed a slime creature
   240 | D        | Reached *** piety under Trog
   240 | D        | Reached XP level 7. HP: 71/71 MP: 6/6
   270 | D        | Bought a wand of clouds (6) for 300 gold pieces
   286 | D        | Noticed a kobold demonologist
   287 | D        | Noticed a kobold demonologist
   289 | D        | Paralysed by a floating eye for 4 turns
   294 | D        | Reached skill level 10 in Fighting
   299 | D        | Killed a kobold demonologist
   306 | D        | Killed a kobold demonologist
   306 | D        | Reached **** piety under Trog
   306 | D        | Reached skill level 15 in Polearms
   306 | D        | Reached XP level 8. HP: 82/82 MP: 7/7
   357 | D        | Killed a centaur warrior
   360 | D        | Killed a centaur warrior
   360 | D        | Reached XP level 9. HP: 94/94 MP: 8/8
   394 | D        | Noticed a demonic crawler
   394 | D        | Noticed a demonic crawler
   394 | D        | Noticed a demonic crawler
   394 | D        | Noticed a demonic crawler
   398 | D        | Killed a demonic crawler
   402 | D        | Killed a demonic crawler
   402 | D        | Reached ***** piety under Trog
   407 | D        | Killed a demonic crawler
   410 | D        | Killed a demonic crawler
   442 | D        | Paralysed by a hornet for 1 turns
   804 | D        | Noticed a lindwurm
   808 | D        | Killed a lindwurm
   808 | D        | Reached skill level 1 in Evocations
   808 | D        | Reached XP level 10. HP: 89/104 MP: 8/10
   840 | D        | Received a gift from Trog
   840 | D        | Reached skill level 15 in Fighting
   841 | D        | Reached skill level 10 in Armour
   865 | D        | Reached ****** piety under Trog
   889 | D        | Noticed a 12-headed hydra
   927 | D        | Bought a wand of iceblast (7) for 110 gold pieces
  1227 | D        | Noticed a gargoyle
  1232 | D        | Killed a gargoyle
  1232 | D        | Received a gift from Trog
  1398 | D        | Noticed an oklob plant
  1401 | D        | Killed an oklob plant
  1462 | D        | Noticed a deep troll
  1465 | D        | Killed a deep troll
  1469 | D        | Found Temutes's Armour Emporium.
  1493 | D        | Killed an unseen horror
  1493 | D        | Reached skill level 5 in Evocations
  1493 | D        | Reached XP level 11. HP: 101/114 MP: 13/13
  1496 | D        | Killed an unseen horror
  1548 | D        | Bought the +1 pair of gloves "Dohe" {Str+5} for 270 gold
                  | pieces
  1594 | D        | Received a gift from Trog
  1637 | D        | Received a gift from Trog
  1689 | D        | Received a gift from Trog
  1701 | D        | Got a translucent crystal plate armour
  1712 | D        | Identified the +4 crystal plate armour "Duteceem" {rElec
                  | Int+5} (You found it in the Dungeon)
  1748 | D        | Found Xidor's Antique Weapon Boutique.
  1748 | D        | Found Bull's Food Emporium.
  1748 | D        | Found Nogiodgh's Armour Emporium.
  1750 | D        | Found Jittum's Gadget Boutique.
  1750 | D        | Found Nethreesch's Armour Shoppe.
  1750 | D        | Found Estroliogg's Weapon Shop.
  1750 | D        | Found Ligh's Armour Emporium.
  1750 | D        | Found Hahawko's Distillery.
  1750 | D        | Found Jouqat's Weapon Shoppe.
  1750 | D        | Found Etosin's Book Shop.
  1753 | D        | Found Fan Piod's Food Emporium.
  1754 | D        | Found Baptatej's Distillery.
  1754 | D        | Found Agumul Toul's Weapon Shoppe.
  1755 | D        | Found Arokh's Magic Scroll Shop.
  1769 | D        | Bought a scroll of magic mapping for 45 gold pieces
  1788 | D        | Bought a +2 cloak for 181 gold pieces
  1882 | D        | Killed a lorocyproca
  2211 | D        | Noticed Sonja
  2213 | D        | Killed Sonja
  2223 | D        | Found Kiaddeig's Assorted Antiques.
  2225 | D        | Noticed a shining eye
  2225 | D        | Noticed a shining eye
  2225 | D        | Noticed a shining eye
  2231 | D        | Reached skill level 10 in Dodging
  2233 | D        | Killed a shining eye
  2235 | D        | Noticed a shining eye
  2235 | D        | Noticed a shining eye
  2235 | D        | Noticed a shining eye
  2235 | D        | Killed a shining eye
  2236 | D        | Killed a shining eye
  2236 | D        | Killed a shining eye
  2238 | D        | Noticed a shining eye
  2238 | D        | Noticed a shining eye
  2238 | D        | Killed a shining eye
  2238 | D        | Received a gift from Trog
  2238 | D        | Paralysed by a floating eye for 2 turns
  2239 | D        | Killed a shining eye
  2242 | D        | Killed a shining eye
  2242 | D        | Killed a shining eye
  2248 | D        | Found Pibuz's Jewellery Shoppe.
  2248 | D        | Found Igof's Food Shop.
  2248 | D        | Found Qoliop's Distillery.
  2248 | D        | Found Dutoif Mesko's Food Boutique.
  2276 | D        | Got a slimy glaive {god gift}
  2277 | D        | Identified the +11 glaive of the Extremes {drain, rN+ SInv}
                  | (Trog gifted it to you in the Dungeon)
  2356 | D        | Upgraded the game from 0.23-a0-307-gc3b755d to
                  | 0.23-a0-309-ge7838e6
  2399 | D        | Bought a +2 pair of boots of running for 581 gold pieces
  2450 | D        | Bought a coppery potion for 21 gold pieces
  2450 | D        | Bought an orange potion for 21 gold pieces
  2450 | D        | Bought a scroll labeled ROOQAH BEMAT for 24 gold pieces
  2450 | D        | Bought 2 viscous cyan potions for 43 gold pieces
  2504 | D        | Killed a 12-headed hydra
  2504 | D        | Reached skill level 15 in Armour
  2534 | D        | Paralysed by a floating eye for 2 turns
  2570 | D        | Noticed a daeva
  2573 | D        | Noticed an unseen horror
  2575 | D        | Noticed an unseen horror
  2575 | D        | Noticed an unseen horror
  2575 | D        | Noticed an unseen horror
  2577 | D        | Killed an unseen horror
  2580 | D        | Killed an unseen horror
  2580 | D        | Noticed an unseen horror
  2581 | D        | Killed an unseen horror
  2583 | D        | Killed an unseen horror
  2583 | D        | Received a gift from Trog
  2586 | D        | Killed an unseen horror
  3029 | D        | Bought a ration for 55 gold pieces
  3029 | D        | Bought a ration for 55 gold pieces
  3094 | D        | Noticed a deep elf annihilator
  3109 | D        | Reached XP level 12. HP: 125/125 MP: 15/15
  3114 | D        | Paralysed by a hornet for 2 turns
  3125 | D        | Received a gift from Trog
  3156 | D        | Noticed the 27-headed Lernaean hydra
  3556 | D        | Bought a wand of digging (7) for 220 gold pieces
  3574 | D        | Bought 3 scrolls labeled COAMAO CURECS for 72 gold pieces
  3574 | D        | Bought an orange potion for 21 gold pieces
  3622 | D        | Bought a ration for 55 gold pieces
  3622 | D        | Bought a ration for 55 gold pieces
  3624 | D        | Bought a scroll of identify for 26 gold pieces
  3629 | D        | Bought a potion of heal wounds for 55 gold pieces
  3683 | D        | Bought a potion of resistance for 130 gold pieces
  3786 | D        | Killed a daeva
  3819 | D        | Noticed a fire giant
  3837 | D        | Killed a fire giant
  3851 | D        | Noticed a fire giant
  3851 | D        | Noticed a fire giant
  3852 | D        | Noticed a fire giant
  3856 | D        | Killed a fire giant
  3860 | D        | Killed a fire giant
  3864 | D        | Killed a fire giant
  3889 | D        | Noticed Tiamat
  3943 | D        | Upgraded the game from 0.23-a0-309-ge7838e6 to
                  | 0.23-a0-315-ga85b81c
  3950 | D        | Killed a deep elf annihilator
  3953 | D        | Noticed a mummy priest
  3962 | D        | Noticed a jiangshi
  3968 | D        | Killed a mummy priest
  4053 | D        | Killed the 26-headed Lernaean hydra
  4058 | D        | Killed a deep elf master archer
  4363 | D        | Found the +3 crown of Dyrovepreva {rElec Int+2 SInv}
  4373 | D        | Got a wavering graven amulet
  4374 | D        | Identified the amulet "Risecom" {rN+ Regen+ Str+3} (You
                  | found it in the Dungeon)
  4478 | D        | Noticed Lom Lobon
  4704 | D        | Bought a potion of heal wounds for 55 gold pieces
  4704 | D        | Bought a potion of haste for 110 gold pieces
  4709 | D        | Bought a scroll of enchant armour for 97 gold pieces
  4709 | D        | Bought a scroll of acquirement for 676 gold pieces
  4709 | D        | Bought a scroll of enchant armour for 97 gold pieces
  4862 | D        | Bought a scarf of repulsion for 120 gold pieces
  4888 | D        | Bought a potion of heal wounds for 60 gold pieces
  4888 | D        | Bought 2 potions of ambrosia for 192 gold pieces
  4888 | D        | Bought a potion of heal wounds for 60 gold pieces
  4889 | D        | Bought a ration for 55 gold pieces
  4889 | D        | Bought a ration for 55 gold pieces
  4889 | D        | Bought a ration for 55 gold pieces
  4889 | D        | Bought a ration for 55 gold pieces
  4889 | D        | Bought a ration for 55 gold pieces
  4889 | D        | Bought a ration for 55 gold pieces
  4889 | D        | Bought a ration for 55 gold pieces
  4892 | D        | Bought a potion of agility for 44 gold pieces
  4892 | D        | Bought a potion of might for 44 gold pieces
  4894 | D        | Got a clouded silver amulet
  4896 | D        | Identified the amulet "Niponyh" {-Tele rN+ Regen+ Dex+3
                  | Slay+5} (You acquired it in the Dungeon)
  4903 | D        | Bought a runed glaive for 228 gold pieces
  4909 | D        | Bought a sack of spiders for 200 gold pieces
  5048 | D        | Bought a potion of haste for 130 gold pieces
  5064 | D        | Bought a potion of might for 52 gold pieces
  5212 | D        | Killed Lom Lobon
  5212 | D        | Reached skill level 15 in Dodging
  5212 | D        | Reached XP level 13. HP: 141/141 MP: 5/17
  5242 | D        | Noticed a shadow dragon
  5242 | D        | Noticed a golden dragon
  5362 | D        | Bought the ring "Pilewk" {rF+ rN+++ Str-3 Slay+3 Stlth-}
                  | for 585 gold pieces
  5440 | D        | Killed a golden dragon
  5444 | D        | Killed a shadow dragon
  5498 | D        | Got a translucent plate armour
  5503 | D        | Found Vuilelyst's Distillery.
  5523 | D        | Bought a potion of agility for 48 gold pieces
  5593 | D        | Bought a scroll of identify for 26 gold pieces
  5593 | D        | Bought a scroll of identify for 26 gold pieces
  5632 | D        | Bought the amulet "Turron" {Inacc *Contam +Blink rPois
                  | Int+5} for 235 gold pieces
  5634 | D        | Bought a potion of might for 52 gold pieces
  5676 | D        | Bought a potion of flight for 33 gold pieces
  5758 | D        | Got a twitching turquoise ring
  5760 | D        | Identified the ring "Bomovu Fepno" {rC+ AC+6} (You found it
                  | in the Dungeon)
  5777 | D        | Identified the +1 plate armour "Zooquol" {Str+4} (You found
                  | it in the Dungeon)
  6045 | D        | Killed Tiamat
  6137 | D        | Got the Orb of Zot
  6165 | D        | Noticed an Orb Guardian
  6189 | D        | Killed an Orb Guardian
  6189 | D        | Reached XP level 14. HP: 146/149 MP: 18/18
  6209 | D        | Escaped with the Orb!

Vault maps used:
D:        dungeon_sprint_1

Skill      XL: |  1  2  3  4  5  6  7  8  9 10 11 12 13 |
---------------+----------------------------------------+-----
Fighting       | 5 6 8 9 11 13 14 15 17 20 22 | 22.5
Polearms       | 5 7 10 12 15 17 19 20 21 22 | 22.0
Armour         | 4 5 7 9 11 16 19 21 | 21.6
Dodging        | 3 5 8 10 15 17 | 17.9
Evocations     | 1 5 6 7 |  7.2

Action                   |  1- 3 |  4- 6 |  7- 9 | 10-12 | 13-15 || total
-------------------------+-------+-------+-------+-------+-------++-------
Melee: Spear             |     9 |    14 |       |     6 |       ||    29
       Headbutt          |     3 |     2 |    10 |    22 |    12 ||    49
       Scythe            |       |     5 |    34 |    74 |       ||   113
       Glaive            |       |       |       |    68 |    24 ||    92
       Halberd           |       |       |       |     3 |       ||     3
       Bardiche          |       |       |       |    17 |    10 ||    27
Throw: Javelin           |       |       |       |     9 |       ||     9
       Stone             |       |       |       |     4 |       ||     4
       Throwing net      |       |       |       |     1 |       ||     1
Invok: Berserk           |     2 |     2 |     3 |     8 |     1 ||    16
       Trog's Hand       |       |       |     2 |     7 |     1 ||    10
       Brothers in Arms  |       |       |       |    17 |       ||    17
Evoke: Wand              |       |       |     3 |     8 |     4 ||    15
       Sack of spiders   |       |       |       |     1 |       ||     1
       Phantom mirror    |       |       |       |     1 |       ||     1
  Use: Scroll            |       |       |       |    13 |     2 ||    15
       Potion            |       |       |       |    15 |     5 ||    20
 Stab: Held in net/web   |       |       |       |     2 |       ||     2
       Distracted        |       |       |       |     1 |       ||     1
  Eat: Chunk             |       |     2 |     1 |    14 |       ||    17
       Ration            |       |     2 |       |     7 |     1 ||    10
Armor: Chain mail        |     1 |     2 |    26 |    20 |       ||    49
       Crystal plate arm |       |       |       |   115 |    74 ||   189
Dodge: Dodged            |     1 |     1 |    26 |    82 |    15 ||   125

Table legend:
 A = Non-vault XP
 B = Vault XP
 C = Vault XP percentage of total XP
 D = Non-vault monster count
 E = Vault monster count
 F = Vault count percentage of total count
                 A         B        C        D         E       F
            +---------+---------+-------+---------+---------+-------
      Total |       0 |   63961 | 100.0 |       0 |      94 | 100.0
            +---------+---------+-------+---------+---------+-------
          D |       0 |   63961 | 100.0 |       0 |      94 | 100.0
            +---------+---------+-------+---------+---------+-------
